 Dungeon Crawl Stone Soup version 0.22-a0-283-g1871b15 (webtiles) character file.

12201 b5mith the Carver (level 11, -4/102 HPs)
             Began as a Minotaur Berserker on Mar 18, 2018.
             Was a High Priest of Trog.
             Slain by an orc warrior
             ... wielding a +0 trident
              (16 damage)
             ... on level 12 of the Dungeon.
             The game lasted 00:29:32 (8765 turns).

b5mith the Carver (Minotaur Berserker)              Turns: 8765, Time: 00:29:32

Health: -4/102     AC: 15    Str: 24    XL:     11   Next: 59%
Magic:  10/10      EV: 15    Int:  4    God:    Trog [*****.]
Gold:   118        SH:  3    Dex: 11    Spells: 10/10 levels left

rFire    . . .     SeeInvis .   F - +6 long sword (freeze)
rCold    + . .     Gourm    .   H - +0 buckler
rNeg     . . .     Faith    .   D - +2 ring mail {rC+}
rPois    .         Spirit   .   (helmet restricted)
rElec    .         Reflect  .   x - +1 cloak
rCorr    .         Harm     .   g - +2 pair of gloves
MR       +....                  (no boots)
Stlth    +.........             (no amulet)
HPRegen  0.27/turn              (no ring)
MPRegen  0.12/turn              y - ring of protection from magic

@: berserk cooldown, slowed, very slow
A: retaliatory headbutt, horns 2
a: Berserk, Trog's Hand, Brothers in Arms, Renounce Religion


You were on level 12 of the Dungeon.
You worshipped Trog.
Trog was extremely pleased with you.
You were near starving.

You visited 1 branch of the dungeon, and saw 12 of its levels.

You collected 313 gold pieces.
You spent 195 gold pieces at shops.

Inventory:

Hand Weapons
 a - a +0 falchion
 F - a +6 long sword of freezing (weapon)
Missiles
 v - 22 tomahawks (quivered)
Armour
 b - a +0 animal skin
 g - a +2 pair of gloves (worn)
 j - a +0 ring mail
 k - a +0 troll leather armour
 r - a +0 cloak
 x - a +1 cloak (worn)
 D - a +2 ring mail of cold resistance (worn)
 H - a +0 buckler (worn)
Jewellery
 y - a ring of protection from magic (right hand)
Wands
 w - a wand of digging (12)
 z - a wand of flame (34)
 J - a wand of iceblast (2)
Scrolls
 i - 2 scrolls of fog
 m - a scroll of fear {unknown}
 o - 2 scrolls of enchant weapon
 p - 6 scrolls of remove curse {@r2}
 q - 2 scrolls of enchant armour
 s - 2 scrolls of immolation
 t - a scroll of random uselessness
 u - a scroll of brand weapon {unknown}
 E - a scroll of amnesia {unknown}
 I - 4 scrolls of vulnerability
 L - a scroll of holy word {unknown}
 M - a scroll of torment {unknown}
Potions
 d - 6 potions of curing {@q1}
 e - 2 potions of haste {unknown}
 f - 2 potions of mutation {unknown}
 l - 2 potions of resistance {unknown}
 n - 2 potions of flight {unknown}
 A - 4 potions of might {unknown}
 B - 2 potions of brilliance {unknown}
 G - 4 potions of agility
 N - a potion of lignification {unknown}
Comestibles
 c - 16 rations
 h - a chunk of flesh


   Skills:
 + Level 11.4 Fighting
 * Level 12.0 Long Blades
 + Level 11.2 Armour
 + Level 10.3 Dodging


You had 10 spell levels left.
You didn't know any spells.

Dungeon Overview and Level Annotations

Branches:
Dungeon (12/15)            Temple (0/1) D:4            Lair (0/6) D:11
    Orc (0/2) D:9

Altars:
Ashenzari
Dithmenos
Elyvilon
Fedhas
Gozag
Hepliaklqana
Nemelex Xobeh
Okawaru
Trog
Vehumet
Wu Jian
Yredelemnul
Zin
Beogh

Shops:
D:6 =   D:7 (   D:12 :

Annotations:
D:6 MatthieuS's ghost, novice HuWz
D:9 Maurice


Innate Abilities, Weirdness & Mutations

You reflexively headbutt those who attack you in melee.
You have a pair of horns on your head.


Message History

* * * LOW HITPOINT WARNING * * *
Aiming: Iceblast
Press: ? - help, Shift-Dir - straight line, f/p - orc warrior
Aim: an orc warrior, wielding a trident and wearing a plate armour (lightly wounded)
The mass of ice explodes!
The iceblast engulfs the orc warrior.
The orc warrior is heavily wounded.
You hear two shouts!
The orc warrior completely misses you. The orc warrior closely misses you.
Aiming: Throw Flame
Press: ? - help, Shift-Dir - straight line, f/p - orc warrior
Aim: an orc warrior, wielding a trident and wearing a plate armour (heavily wounded)
The puff of flame hits the orc warrior.
The orc warrior appears unharmed.
The orc warrior is heavily wounded.
You block the orc warrior's attack. You block the orc warrior's attack.
There is an open door here.
You are near starving!
The orc warrior barely misses you.
The orc warrior hits you from afar with a trident!
You die...

#.........$.# #.....)$.$..#
. ######[# .#### #..)o))#
...# ##'########
########.### #.o.......#
#..........###o........#
#####..........#...........#
#..............≈@≈.........#
..###.........≈≈.≈≈........#
### #.........≈≈∩≈≈........#
# #.........≈≈≈≈≈........+
#.......[..≈≈≈.........#
#..........##########+##
######.##### ..#


You could see an orc warrior and an orc.

Vanquished Creatures
  4 two-headed ogres
  The ghost of b5mith the Skirmisher, a novice MiBe of Trog (D:7)
  An ugly thing (D:12)
  A cyclops (D:9)
  A manticore (D:11)
  Joseph (D:9)
  5 trolls
  Grinder (D:5)
  A hornet (D:11)
  A meliai zombie (D:12)
  3 hippogriffs
  The ghost of Johno the Covered, an amateur MiFi (D:3)
  An acid dragon (D:11)
  4 ogres
  13 orc warriors
  3 ice beasts
  3 sky beasts
  3 phantoms
  3 centaurs
  A crocodile (D:9)
  A big kobold (D:8)
  A wyvern zombie (D:11)
  4 bullfrogs
  A scorpion (D:5)
  4 killer bees (D:8)
  3 howler monkeys (D:9)
  3 centaur zombies
  4 crimson imps
  4 quasits
  A centaur skeleton (D:7)
  2 gnoll shamans
  5 hounds
  Crazy Yiuf (D:3)
  7 orc priests
  A bullfrog skeleton (D:4)
  A jelly (D:7)
  5 orc wizards
  2 iguanas
  Terence (D:3)
  6 worker ants
  A hound skeleton (D:6)
  A howler monkey zombie (D:4)
  A worker ant zombie (D:10)
  Robin (D:3)
  8 gnolls
  16 adders
  2 shadow imps
  An ooze (D:1)
  2 worms
  An adder skeleton (D:8)
  2 adder zombies
  A dart slug (D:3)
  6 leopard geckos
  52 orcs
  3 ball pythons
  4 bats
  8 giant cockroaches
  7 hobgoblins
  9 jackals
  11 kobolds
  6 quokkas
  5 frilled lizards
  14 goblins
  A jackal skeleton (D:8)
  A quokka skeleton (D:4)
  4 rats
277 creatures vanquished.

Notes
Turn   | Place    | Note
-------+----------+-------------------------------------------
     0 | D:1      | b5mith the Minotaur Berserker began the quest for the Orb.
     0 | D:1      | Reached XP level 1. HP: 19/19 MP: 0/0
   203 | D:1      | Reached XP level 2. HP: 27/27 MP: 1/1
   646 | D:1      | Reached skill level 4 in Long Blades
   694 | D:2      | Found an ornate altar of the Wu Jian Council.
   782 | D:2      | Reached ** piety under Trog
   782 | D:2      | Reached XP level 3. HP: 28/33 MP: 2/2
   917 | D:2      | Reached XP level 4. HP: 39/41 MP: 3/3
  1179 | D:2      | Found a sparkling altar of Nemelex Xobeh.
  1589 | D:3      | Noticed Terence
  1602 | D:3      | Killed Terence
  1602 | D:3      | Reached XP level 5. HP: 39/47 MP: 4/4
  1774 | D:3      | Noticed Johno's ghost (amateur MiFi)
  1789 | D:3      | Killed Johno's ghost
  1789 | D:3      | Reached skill level 5 in Fighting
  1789 | D:3      | Reached skill level 5 in Long Blades
  1789 | D:3      | Reached XP level 6. HP: 44/56 MP: 5/5
  2126 | D:3      | Found a runed door.
  2239 | D:3      | Noticed Robin
  2249 | D:3      | Reached *** piety under Trog
  2252 | D:3      | Killed Robin
  2506 | D:3      | Noticed Crazy Yiuf
  2515 | D:3      | Killed Crazy Yiuf
  2904 | D:4      | Reached skill level 5 in Armour
  2909 | D:4      | Reached XP level 7. HP: 56/62 MP: 6/6
  2979 | D:4      | Found a staircase to the Ecumenical Temple.
  3285 | D:4      | Reached skill level 6 in Long Blades
  3449 | D:5      | Entered Level 5 of the Dungeon
  3524 | D:5      | Reached skill level 5 in Dodging
  3641 | D:5      | Noticed Grinder
  3654 | D:5      | Killed Grinder
  3684 | D:5      | Reached XP level 8. HP: 66/71 MP: 7/7
  3824 | D:5      | Reached skill level 7 in Long Blades
  4539 | D:6      | Found Kanemoj's Jewellery Boutique.
  4555 | D:6      | Noticed MatthieuS's ghost (novice HuWz)
  4611 | D:7      | Found Anomem's Antique Weapon Shoppe.
  4706 | D:7      | Reached **** piety under Trog
  4743 | D:7      | Found a shadowy altar of Dithmenos.
  4894 | D:7      | Found a basalt altar of Yredelemnul.
  4895 | D:7      | Noticed a hippogriff
  4902 | D:7      | Killed a hippogriff
  4946 | D:7      | Reached XP level 9. HP: 72/81 MP: 8/8
  4997 | D:7      | Reached skill level 8 in Long Blades
  5000 | D:7      | Bought a runed long sword for 195 gold pieces
  5149 | D:7      | Found a white marble altar of Elyvilon.
  5149 | D:7      | Found an opulent altar of Gozag.
  5154 | D:7      | Found a hazy altar of Hepliaklqana.
  5156 | D:7      | Found a bloodstained altar of Trog.
  5157 | D:7      | Found a radiant altar of Vehumet.
  5246 | D:7      | Noticed b5mith's ghost (novice MiBe)
  5261 | D:7      | Killed b5mith's ghost
  5680 | D:7      | Found a glowing silver altar of Zin.
  5680 | D:7      | Found a shattered altar of Ashenzari.
  5780 | D:8      | Reached skill level 9 in Long Blades
  5874 | D:8      | Noticed a two-headed ogre
  5881 | D:8      | Killed a two-headed ogre
  5881 | D:8      | Reached XP level 10. HP: 73/91 MP: 9/9
  5925 | D:8      | Noticed a two-headed ogre
  5932 | D:8      | Killed a two-headed ogre
  5989 | D:8      | Noticed a two-headed ogre
  6002 | D:8      | Killed a two-headed ogre
  6002 | D:8      | Reached skill level 10 in Fighting
  6002 | D:8      | Reached skill level 10 in Long Blades
  6349 | D:8      | Found an iron altar of Okawaru.
  6661 | D:9      | Reached skill level 10 in Armour
  6667 | D:9      | Reached ***** piety under Trog
  6946 | D:9      | Noticed Maurice
  6972 | D:9      | Found a blossoming altar of Fedhas.
  7112 | D:9      | Noticed Joseph
  7123 | D:9      | Killed Joseph
  7128 | D:9      | Noticed a two-headed ogre
  7138 | D:9      | Killed a two-headed ogre
  7145 | D:9      | Reached XP level 11. HP: 79/101 MP: 10/10
  7232 | D:9      | Found a roughly hewn altar of Beogh.
  7232 | D:9      | Found a staircase to the Orcish Mines.
  7281 | D:9      | HP: 2/101 [orc warrior/trident (10)]
  7296 | D:9      | HP: 5/101 [orc warrior/trident (1)]
  7820 | D:10     | Entered Level 10 of the Dungeon
  7843 | D:10     | Reached skill level 11 in Long Blades
  7938 | D:10     | You fall through a shaft!
  7961 | D:11     | Found a staircase to the Lair.
  8176 | D:11     | Reached skill level 10 in Dodging
  8614 | D:12     | Noticed a brown ugly thing
  8624 | D:12     | Killed a brown ugly thing
  8634 | D:12     | Received a gift from Trog
  8645 | D:12     | Found Nybbeng's Book Emporium.
  8676 | D:12     | Found a roughly hewn altar of Beogh.
  8753 | D:12     | Reached skill level 12 in Long Blades
  8765 | D:12     | Slain by an orc warrior

Vault maps used:
D:1:      mushboom_english_gardens, minmay_misc_feat_iff
D:2:      nicolae_overflow_hidden_temple, lemuel_tele_altar
D:3:      roderic_nine_men_s_morris, uniq_robin, uniq_terence,
          uniq_crazy_yiuf_cottage
D:4:      temple_statues, minmay_distorted
D:5:      kennysheep_big_flooded_room, first_ration, uniq_grinder
D:6:      lemuel_slime, serial_shops, shop, kennysheep_generic_room_3
D:7:      lemuel_round_altar, chequers_temple_overflow_minitemple,
          nicolae_dithmenos_the_darkroom, gammafunk_temple_overflow_pools,
          serial_shops, nicolae_shop_trees
D:8:      okawaru_trees_2
D:9:      kennysheep_mini_moat, david_orc_5, uniq_joseph, uniq_maurice
D:10:     the_bakery
D:11:     lair_entry_dummy, serial_glass, glass_columns_c, glass_columns_a,
          glass_columns_a, glass_columns_a, glass_columns_c, glass_columns_a,
          due_unseen_surprise
D:12:     serial_shops, shop, nicolae_shop_competitors_out_of_business,
          nicolae_shop_waterfront, shop_statue

Skill      XL: |  1  2  3  4  5  6  7  8  9 10 11 |
---------------+----------------------------------+-----
Fighting       | 4 5 6 7 9 10 11 | 11.4
Long Blades    | 4 5 6 7 9 10 12 | 12.0
Armour         | 3 4 5 6 7 9 10 11 | 11.2
Dodging        | 3 4 5 6 8 9 10 | 10.3

Action                   |  1- 3 |  4- 6 |  7- 9 | 10-12 || total
-------------------------+-------+-------+-------+-------++-------
Melee: Falchion          |    42 |   117 |   173 |       ||   332
       Headbutt          |     9 |    24 |    63 |    62 ||   158
       Long sword        |       |       |    75 |   272 ||   347
Throw: Tomahawk          |       |       |       |     7 ||     7
Invok: Berserk           |       |     3 |     2 |     3 ||     8
Evoke: Wand              |       |       |       |     7 ||     7
  Use: Scroll            |       |     3 |     1 |    11 ||    15
       Potion            |       |     1 |       |     4 ||     5
  Eat: Chunk             |       |     9 |    12 |    10 ||    31
Armor: Ring mail         |    10 |    32 |    85 |    88 ||   215
Dodge: Dodged            |    36 |    77 |   144 |   204 ||   461
Block: Buckler           |       |       |    10 |    33 ||    43
       Rpst.: Falchion   |     7 |    24 |    26 |       ||    57
       Long sword        |       |       |    15 |    32 ||    47

Table legend:
 A = Spawn XP
 B = Non-spawn XP
 C = Spawn XP percentage of total XP
 D = Spawn monster count
 E = Non-spawn monster count
 F = Spawn count percentage of total count
 G = Total turns spent on level
                    A         B        C        D         E        F      G
               +---------+---------+-------+---------+---------+-------+---------
         Total |       0 |   17431 |   0.0 |       0 |     277 |   0.0 |  8765
               +---------+---------+-------+---------+---------+-------+---------
           D:1 |       0 |      31 |   0.0 |       0 |      15 |   0.0 |   686
           D:2 |       0 |     109 |   0.0 |       0 |      27 |   0.0 |   903
           D:3 |       0 |     478 |   0.0 |       0 |      36 |   0.0 |  1201
           D:4 |       0 |     319 |   0.0 |       0 |      14 |   0.0 |   659
           D:5 |       0 |     874 |   0.0 |       0 |      13 |   0.0 |   777
           D:6 |       0 |     460 |   0.0 |       0 |       9 |   0.0 |   385
           D:7 |       0 |    2089 |   0.0 |       0 |      27 |   0.0 |  1109
           D:8 |       0 |    4026 |   0.0 |       0 |      32 |   0.0 |   925
           D:9 |       0 |    3798 |   0.0 |       0 |      49 |   0.0 |  1175
          D:10 |       0 |     409 |   0.0 |       0 |      12 |   0.0 |   118
          D:11 |       0 |    2282 |   0.0 |       0 |      13 |   0.0 |   656
          D:12 |       0 |    2556 |   0.0 |       0 |      30 |   0.0 |   171
               +---------+---------+-------+---------+---------+-------+---------
